 Dungeon Sprint DCSS version 0.28-a0-247-gb8bfbab023 (webtiles) character file.

Game seed: 1643508725800522566

618 MikeHunt the Grappler (level 7, -1/56 HPs)
             Began as a Demonspawn Artificer on Aug 25, 2021.
             Was an Initiate of Gozag.
             Slain by a chaos spawn (9 damage)
             ... summoned by a kobold demonologist
             ... while paralysed by a floating eye
             ... in the Dungeon (Sprint I: "Red Sonja").
             The game lasted 00:03:06 (870 turns).

MikeHunt the Grappler (Demonspawn Artificer)         Turns: 870, Time: 00:03:06

Health: -1/56      AC:  3    Str: 14      XL:     7   Next: 21%
Magic:  11/16      EV:  2    Int: 15      God:    Gozag
Gold:   329        SH:  0    Dex:  9 (13) Spells: 6/6 levels left

rFire   . . .      SeeInvis .     - Unarmed
rCold   . . .      Faith    .   (no shield)
rNeg    . . .      Spirit   .   b - +0 leather armour
rPois   .          Reflect  .   (no helmet)
rElec   .          Harm     .   (no cloak)
rCorr   .          Rampage  .   (no gloves)
Will    .....      NoTele   +   (no boots)
Stlth   +.........              (no amulet)
HPRegen 0.18/turn               a - ring of magical power
MPRegen 0.15/turn               (no ring)

@: paralysed, hasted
A: hooves 2, powered by death 1, big brain 1
a: Renounce Religion, Potion Petition, Call Merchant, Bribe Branch


You were in the Dungeon.
You worshipped Gozag.
Gozag was aware of your devotion.
You visited 1 branch You collected 497 gold pieces.
You spent 168 gold pieces at shops.

Inventory:

Armour
 b - a +0 leather armour (worn)
Jewellery
 a - a ring of magical power (left hand)
Wands
 c - a wand of flame (9) (quivered)
 d - a wand of charming (15)
Scrolls
 j - a scroll of silence {unknown}
 k - a scroll of blinking
Potions
 f - a potion of curing
 g - a potion of heal wounds
 i - 2 potions of magic
Miscellaneous
 e - a piece from Xom's chessboard (15/15)


   Skills:
 + Level 5.6 Fighting
 - Level 1.7 Armour
 + Level 5.1 Dodging
 - Level 0.8 Stealth
 + Level 9.4 Unarmed Combat
 - Level 9.2 Evocations


You had 6 spell levels left.
You didn't know any spells.
Your spell library was empty.

Dungeon Overview and Level Annotations

Branches:
Dungeon (1/1)

Altars:
Cheibriados
Dithmenos
Elyvilon
Fedhas
Gozag
Hepliaklqana
Kikubaaqudgha
Makhleb
Nemelex Xobeh
Okawaru
Qazlal
Ru
Sif Muna
Trog
Uskayaw
Vehumet
Wu Jian
Xom
Yredelemnul
Zin
The Shining One
Jiyva
Lugonu

Shops:
D *


Innate Abilities, Weirdness & Mutations

You have hoof-like feet.
You regenerate a little health from kills.
You have an unusually large brain. (Int +2)


Message History

You feel clumsy.
The quasit claws you but does no damage.
You punch the quasit!
You kill the quasit!
You barely miss the kobold demonologist.
The kobold demonologist is lightly wounded.
You hit the kobold demonologist but do no damage.
Your kick misses the kobold demonologist.
The kobold demonologist is lightly wounded.
You barely miss the kobold demonologist.
You kick the kobold demonologist, but do no damage.
The kobold demonologist is lightly wounded.
The kobold demonologist barely misses you.
You completely miss the kobold demonologist.
You kick the kobold demonologist.
The kobold demonologist is moderately wounded.
The kobold demonologist hits you with a +0 dagger.
The floating eye seems to glare at you.
You hit the kobold demonologist but do no damage.
The kobold demonologist is lightly wounded.
The kobold demonologist gestures wildly while chanting.
The floating eye gazes piercingly through you!
You suddenly lose the ability to move!
The kobold demonologist mumbles some strange words.
The kobold demonologist hits you with a +0 dagger.
The kobold demonologist gestures wildly while chanting.
The chaos spawn gores you!
The white imp disappears in a puff of smoke!
The kobold demonologist hits you with a +0 dagger.
The chaos spawn completely misses you. The floating eye's view fixates on you.
The kobold demonologist completely misses you.
The iron imp hits you but does no damage.
The kobold demonologist casts a spell.
The kobold demonologist begins to cast a cantrip, but forgets the words!
The chaos spawn gores you!
* * * LOW HITPOINT WARNING * * *
You are engulfed in flames!
You die...
Your body crumbles into a pile of gold.

######################
.)'..#..'..#__#5KK...#
$ $$
))#..)..#..'..54@# $
####'#####'#__#### $
###..#...#)#### $ $ $
__####..##.# $$ $
_____##'#_.+ $
_.∩...'..._# $$ $$$
_..__##_.#+#
_____###+# $ $ ######
$


You could see 2 kobold demonologists, a chaos spawn (summoned), an iron imp
(summoned) and a crimson imp (summoned).

Vanquished Creatures
  A slime creature (D)
  Sigmund (D)
  A yak (D)
  An ogre (D)
  A jelly (D)
  Ijyb (D)
6 creatures vanquished.

Vanquished Creatures (others)
  A gargoyle (D)
1 creature vanquished.

Grand Total: 7 creatures vanquished

Notes
Turn   | Place    | Note
-------+----------+-------------------------------------------
     0 | D        | MikeHunt the Demonspawn Artificer began the quest for the
                  | Orb.
     0 | D        | Reached XP level 1. HP: 15/15 MP: 1/1
     1 | D        | Noticed Ijyb
    15 | D        | Killed Ijyb
    16 | D        | Reached skill level 5 in Evocations
    16 | D        | Gained mutation: You have an unusually large brain. (Int
                  | +2) [demonic ancestry]
    16 | D        | Reached XP level 2. HP: 4/21 MP: 2/2
   156 | D        | Killed a gargoyle
   244 | D        | Noticed an ogre
   248 | D        | Killed an ogre
   249 | D        | Reached skill level 5 in Unarmed Combat
   249 | D        | Reached XP level 3. HP: 26/26 MP: 3/3
   249 | D        | Gained mutation: You have large cloven feet. [demonic
                  | ancestry]
   249 | D        | Reached XP level 4. HP: 32/32 MP: 4/4
   260 | D        | Noticed Sigmund
   266 | D        | Killed Sigmund
   267 | D        | Reached XP level 5. HP: 33/37 MP: 5/5
   309 | D        | Found a shimmering blue altar of Sif Muna.
   310 | D        | Found an ornate altar of the Wu Jian Council.
   311 | D        | Found a radiant altar of Vehumet.
   315 | D        | Reached skill level 1 in Dodging
   315 | D        | Gained mutation: You regenerate a little health from kills.
                  | [demonic ancestry]
   315 | D        | Reached XP level 6. HP: 38/44 MP: 6/6
   373 | D        | Found Gazo's Assorted Antiques.
   373 | D        | Found an ancient bone altar of Kikubaaqudgha.
   373 | D        | Found a hazy altar of Hepliaklqana.
   373 | D        | Found a hide-covered altar of Uskayaw.
   373 | D        | Found a basalt altar of Yredelemnul.
   373 | D        | Found an opulent altar of Gozag.
   373 | D        | Found a snail-covered altar of Cheibriados.
   373 | D        | Found a sacrificial altar of Ru.
   373 | D        | Found a shadowy altar of Dithmenos.
   373 | D        | Noticed a yak
   374 | D        | Found a stormy altar of Qazlal.
   374 | D        | Found a blossoming altar of Fedhas.
   374 | D        | Found a bloodstained altar of Trog.
   374 | D        | Found an iron altar of Okawaru.
   382 | D        | Killed a yak
   387 | D        | Found a sparkling altar of Nemelex Xobeh.
   391 | D        | Became a worshipper of Gozag Ym Sagoz the Greedy
   402 | D        | Found a viscous altar of Jiyva.
   402 | D        | Found a corrupted altar of Lugonu.
   402 | D        | Noticed a slime creature
   403 | D        | Found a burning altar of Makhleb.
   403 | D        | Found a shimmering altar of Xom.
   681 | D        | Killed a slime creature
   682 | D        | Reached skill level 5 in Fighting
   682 | D        | Reached skill level 5 in Dodging
   682 | D        | Gained mutation: You have hoof-like feet. [demonic
                  | ancestry]
   682 | D        | Reached XP level 7. HP: 34/56 MP: 7/7
   833 | D        | Bought an emerald ring for 140 gold pieces
   833 | D        | Bought a scroll labelled XAXOTS TAFRULU for 28 gold pieces
   850 | D        | Noticed a kobold demonologist
   852 | D        | Noticed a kobold demonologist
   867 | D        | Paralysed by a floating eye for 3 turns
   868 | D        | Noticed a chaos spawn
   870 | D        | Slain by a chaos spawn

Illustrated notes

Levels and vault maps discovered:
D:        dungeon_sprint_1 [red_sonja_temple_1, red_sonja_temple_small_1]

Skill      XL: |  1  2  3  4  5  6 |
---------------+-------------------+-----
Unarmed Combat | 3 5 7 8 9 |  9.4
Evocations     | 5 7 9 |  9.2
Fighting       | 2 5 |  5.6
Dodging        | 1 5 |  5.1
Armour         | |  1.7
Stealth        | |  0.8

Action                   |  1- 3 |  4- 6 |  7- 9 || total
-------------------------+-------+-------+-------++-------
Melee: Club              |    12 |       |       ||    12
       Unarmed           |       |    16 |    13 ||    29
       Kick              |       |     6 |     2 ||     8
       Punch             |       |     1 |       ||     1
Evoke: Wand              |     4 |    14 |     3 ||    21
  Use: Potion            |     1 |       |     1 ||     2
Armor: Leather armour    |       |     2 |     6 ||     8
Dodge: Dodged            |     5 |     5 |     9 ||    19

Table legend: (Time is in decaauts)
 A = Elapsed time spent in this place.
 B = Non-inter-level travel time spent in this place.
 C = Inter-level travel time spent in this place.
 D = Time resting spent in this place.
 E = Time spent auto-exploring this place.
 F = Levels seen in this place.
 G = Mean time per level.
                   A        B        C        D        E       F      G
               +--------+--------+--------+--------+--------+-----+--------+
         Total |    866 |    852 |     14 |    635 |      0 |   1 |  866.0 |
       Dungeon |    866 |    852 |     14 |    635 |      0 |   1 |  866.0 |
               +--------+--------+--------+--------+--------+-----+--------+

Top non-repeatable levels by time:
       D: 866 daAuts
